Unix NetHack Version 5.0.0-0 post-release - last build Jun 10 2026 00:39:30 (3ee93aec679c4c4259841fe613dc97188e26a321,branch:main).

Game began 2026-06-17 03:31:03, ended 2026-06-17 03:42:55.

Kwijibo4686, neutral female human Valkyrie

                                                                           ----
                                                    |                      |..|
                                                    |.          --- --- ----..|
                                                  ---.        ---.---.---....--
                                            |   --|....      --...........----
                                            -.. |.|....      |...........--
                                             ...........    --.........---
                                              -.........    |......).---
                                              |..........   |...h....|
         ------------              -- | --------.........----.......---- ---
         |...............................................)G........--..---<---
         --    --------............           --.........----......)....%....--
                      |                    ..............   |.......@..[......|
                                          -.............    -..........----..--
                                          --...........................|   ---
                                           ----........   --...........|
                                              ---......    |>......-----
                                                --.----    ---.-----
                                                 --          ---
Kwijibo4686 the Fighter     St:17 Dx:13 Co:18 In:7 Wi:11 Ch:11  Neutral
Dlvl:5  $:54 HP:0(58) Pw:18(18) AC:2  Xp:6 T:1745 

Latest messages:
 You kill the rothe!
 You hit the gnome lord!
 The gnome lord thrusts one of his daggers.
 The gnome lord hits!
 You miss the gnome lord.
 The gnome lord thrusts one of his daggers.
 The gnome lord hits!
 You miss the gnome lord.
 The gnome lord thrusts one of his daggers.
 The gnome lord hits!
 You miss the gnome lord.
 The dwarf throws a dwarvish spear!
 The dwarvish spear misses the gnome lord.
 A dwarvish spear misses you.
 The gnome lord thrusts one of his daggers.
 The gnome lord hits!
 You hit the gnome lord!
 The gnome lord thrusts one of his daggers.
 The gnome lord just misses!
 You kill the gnome lord!
 Welcome to experience level 6.
 The dwarf picks up 4 daggers.
 You kill the dwarf!
 You learn more about your items by comparing them.
 e - an uncursed scroll labeled ETAOIN SHRDLU (2 in total).
 $ - 15 gold pieces (54 in total).
 There are several more objects here.
 You see here a dwarvish spear.
 The bugbear picks up a dwarvish cloak.
 You miss the bugbear.
 The bugbear misses!
 You miss the bugbear.
 You hit the bugbear.
 The bugbear hits!
 You are now more skilled in spear.
 You hit the bugbear!
 You miss the bugbear.
 The bugbear hits!
 You miss the bugbear.
 The bugbear hits!
 The bugbear picks up a dwarvish spear.
 The gnome picks up a pair of iron shoes.
 The bugbear wields a dwarvish spear!
 The gnome picks up a dwarvish short sword.
 The gnome picks up a dwarvish iron helm.
 The gnome puts on a dwarvish iron helm.
 The bugbear throws a dwarvish spear!
 You are hit by a dwarvish spear!
 You die...
 Do you want your possessions identified? [ynq] (y) q

Inventory:
 Coins    ('$')
  $ - 54 gold pieces
 Weapons  (')')
  b - a +0 dagger (alternate weapon; not wielded)
  a - a +1 spear (weapon in right hand)
 Armor    ('[')
  j - an uncursed +0 dwarvish iron helm (being worn)
  i - an uncursed +0 pair of iron shoes (being worn)
  c - an uncursed +3 small shield (being worn)
 Comestibles  ('%')
  d - 3 uncursed food rations
 Scrolls  ('?')
  m - an uncursed scroll of blank paper
  f - an uncursed scroll of confuse monster
  e - 2 uncursed scrolls of identify
  q - an uncursed scroll of punishment
 Spellbooks  ('+')
  r - an uncursed spellbook of stone to flesh
 Potions  ('!')
  p - an uncursed potion of extra healing
  g - an uncursed potion of oil
 Tools    ('(')
  n - a +0 pick-axe
  l - an uncursed wax candle

Kwijibo4686 the Valkyrie's attributes:

Background:
 You were a Fighter, a level 6 human Valkyrie.
 You were neutral, on a mission for Odin
 who was opposed by Tyr (lawful) and Loki (chaotic).
 You were right-handed.
 You were in the Gnomish Mines, on level 5.
 You entered the dungeon 1745 turns ago.
 It was nighttime.
 There was a new moon in effect when your adventure ended.
 You had 342 experience points, 298 more were needed to attain level 7.

Basics:
 You had 0 out of 58 hit points.
 You had all 18 energy points (spell power).
 Your armor class was 2.
 Your wallet contained 54 zorkmids.
 Autopickup was on for '$?!/="' plus thrown.

Final Characteristics:
 Your strength was 17 (limit:18/100).
 Your dexterity was 13 (limit:18).
 Your constitution was 18 (limit:18).
 Your intelligence was 7 (limit:18).
 Your wisdom was 11 (limit:18).
 Your charisma was 11 (limit:18).

Final Status:
 You weren't hungry.
 You were unencumbered.
 You were wielding a spear.
 You were skilled in spear.

Final Attributes:
 You were devoutly aligned.
 You were cold resistant.
 You were stealthy.
 You are dead.

Miscellaneous:
 You didn't encounter any bones levels.
 Total elapsed playing time was 11 minutes and 51 seconds.

Major events:
 Turn
    1: Kwijibo4686 the neutral human Valkyrie entered the dungeon
  463: entered the Gnomish Mines
  704: attained the rank of Skirmisher (level 3)
 1724: attained the rank of Fighter (level 6)
 1745: killed by a dwarvish spear

You didn't know any spells.

Skills:
 Fighting Skills
   bare handed combat [Unskilled]
   two weapon combat  [Unskilled]
   riding             [Unskilled]
 Weapon Skills
   dagger             [Basic]
   axe                [Unskilled]
   pick-axe           [Unskilled]
   short sword        [Unskilled]
   broadsword         [Unskilled]
   long sword         [Unskilled]
   two-handed sword   [Unskilled]
   saber              [Unskilled]
   hammer             [Unskilled]
   quarterstaff       [Unskilled]
   polearms           [Unskilled]
   spear              [Skilled]
   trident            [Unskilled]
   lance              [Unskilled]
   sling              [Unskilled]
 Spellcasting Skills
   attack spells      [Unskilled]
   escape spells      [Unskilled]

Voluntary challenges:
 Character rerolling was not enabled.
 You were illiterate.
 You never genocided any monsters.
 You never polymorphed an object.
 You never changed form.
 You used no wishes.
Achievements:
 You entered the Gnomish Mines.
 You entered a shop.
 You attained the rank of Skirmisher.
 You attained the rank of Fighter.

 The Dungeons of Doom: levels 1 to 3
    Level 1:
       A fountain.
    Level 2:
       A weapon shop, a fountain.
       Stairs down to The Gnomish Mines.
    Level 3:
       An altar to Odin.
 The Gnomish Mines: levels 3 to 5
    Level 3:
    Level 4:
    Level 5: <- You were here.
       Final resting place for
          you, killed by a dwarvish spear.


Vanquished creatures:
  4 gnome leaders
  a gnomish wizard
 an elf zombie
  8 dwarves
  a kobold leader
  a kobold shaman
  a rothe
  2 orc zombies
  a large kobold
  a giant rat
 24 gnomes
  a gecko
  3 jackals
  2 goblins
  2 sewer rats
  3 grid bugs
  2 lichens
  a kobold zombie
  a newt
60 creatures vanquished.

No species were genocided or became extinct.

Game over:
                       ----------
                      /          \
                     /    REST    \
                    /      IN      \
                   /     PEACE      \
                  /                  \
                  |   Kwijibo4686    |
                  |      54 Au       |
                  |   killed by a    |
                  |  dwarvish spear  |
                  |                  |
                  |                  |
                  |       2026       |
                 *|     *  *  *      | *
        _________)/\\_//(\/(/\)/\//\/|_)_______

Farvel Kwijibo4686 the Valkyrie...

You died in The Gnomish Mines on dungeon level 5 with 1617 points,
and 54 pieces of gold, after 1745 moves.
You were level 6 with a maximum of 58 hit points when you died.

